 Dungeon Crawl Stone Soup version 0.20.1-1-g8b1a95d (webtiles) character file.

200868 Gargoyl the Tortoise (level 18, 0/241 HPs)
             Began as a Minotaur Abyssal Knight on Sept 4, 2017.
             Was an Elder of Lugonu.
             Killed from afar by a nagaraja (13 damage)
             ... with a poison arrow
             ... on level 3 of the Snake Pit on Sept 5, 2017.
             The game lasted 01:23:58 (41170 turns).

Gargoyl the Tortoise (Minotaur Abyssal Knight)     Turns: 41170, Time: 01:23:59

Health: 0/241      AC: 19    Str: 29    XL:     18   Next: 28%
Magic:  2/28       EV:  9    Int:  9    God:    Lugonu [****..]
Gold:   100        SH: 24    Dex: 20    Spells: 17/17 levels left

rFire    + + +     SeeInvis +   M - +0 broad axe (elec)
rCold    . . .     Gourm    +   E - +1 large shield {reflect}
rNeg     + + .     Faith    .   I - +0 chain mail of Mezcal {rElec rPois rF+++ Stlth-}
rPois    +         Spirit   .   r - +2 hat {SInv}
rElec    +         Reflect  +   l - +2 cloak
rCorr    .         Harm     .   A - +0 pair of fencer's gloves {+Riposte Dex+3}
MR       ++...                  Q - +0 pair of boots
Stlth    ..........             F - amulet of Noirch {Gourm rN+ Dex+4}
Regen    0.5/turn               C - ring of positive energy
MPRegen  0.3/turn               u - ring of protection from magic

@: berserking, lethally poisoned (0 -> -3), constricted, very quick
A: retaliatory headbutt, hooves 2, horns 2, camouflage 1, deformed body, fire
resistance 2, sense surroundings 1, strong 1
a: Depart the Abyss, Bend Space, Banish, Corrupt, Renounce Religion


You were on level 3 of the Snake Pit.
You worshipped Lugonu.
Lugonu was greatly pleased with you.
You were not hungry.

You visited 4 branches of the dungeon, and saw 27 of its levels.
You visited the Abyss 3 times.
You visited 1 bazaar.

You collected 2880 gold pieces.
You spent 2780 gold pieces at shops.

Inventory:

Hand Weapons
 q - a +2 war axe of draining
 M - a +0 broad axe of electrocution (weapon)
 T - a +1 broad axe of flaming
Missiles
 f - a javelin (quivered)
Armour
 l - a +2 cloak (worn)
 r - a +2 hat of see invisible (worn)
 A - the +0 pair of fencer's gloves (worn) {+Riposte Dex+3}
   (You bought it in a shop on level 6 of the Dungeon)

   It affects your dexterity (+3).
 E - a +1 large shield of reflection (worn)
 I - the +0 chain mail of Mezcal (worn) {rElec rPois rF+++ Stlth-}
   (You bought it in a shop in a bazaar)

   It renders you almost immune to fire.
   It insulates you from electricity.
   It protects you from poison.
   It makes you less stealthy.
 Q - a +0 pair of boots (worn)
Jewellery
 g - an uncursed ring of resist corrosion
 o - a +4 amulet of reflection
 u - a ring of protection from magic (right hand)
 C - a ring of positive energy (left hand)
 F - the amulet of Noirch (around neck) {Gourm rN+ Dex+4}
   (You bought it in a shop on level 2 of the Orcish Mines)

   [amulet of the gourmand]

   It allows you to eat raw meat even when not hungry.
   It affects your dexterity (+4).
   It protects you from negative energy.
 J - an uncursed ring of flight
 P - a +5 ring of dexterity
Scrolls
 a - a scroll of immolation
 s - 12 scrolls of identify
 w - 9 scrolls of teleportation
 B - 5 scrolls of fog
 D - 5 scrolls of magic mapping
 G - a scroll of blinking
 L - 14 scrolls of remove curse
Potions
 d - 5 potions of brilliance
 e - a potion of might
 k - 3 potions of haste
 m - 3 potions of curing
 p - 4 potions of magic
 t - 7 potions of flight
 v - 3 potions of resistance
 x - 2 potions of berserk rage
 H - 5 potions of ambrosia
 R - 3 potions of cancellation
 S - 2 potions of invisibility
 W - a potion of agility
Comestibles
 b - 12 meat rations
 c - 7 bread rations
 i - 13 royal jellies
 z - 52 fruits


   Skills:
 + Level 14.7 Fighting
 + Level 17.7 Axes
 + Level 2.6 Throwing
 * Level 17.9 Armour
 + Level 6.6 Dodging
 + Level 17.0 Shields
 * Level 15.1 Invocations
 + Level 2.0 Evocations


You had 17 spell levels left.
You didn't know any spells.

Dungeon Overview and Level Annotations

Branches:
Dungeon (15/15)            Temple (0/1) D:5            Lair (6/6) D:9
  Swamp (0/4) Lair:4        Snake (4/4) Lair:2        Slime (0/5) Lair:5
    Orc (2/2) D:11            Elf (0/3) Orc:2        Vaults (0/5) D:13
 Depths (0/5) D:15

Altars:
Dithmenos
Elyvilon
Hepliaklqana
Makhleb
Okawaru
The Shining One
Jiyva

Shops:
D:5 (   D:6 [   D:9 (   D:11 :   Orc:2 }=%(   Snake:2 ==}   Snake:3 *%
Snake:4 ???


Innate Abilities, Weirdness & Mutations

You reflexively headbutt those who attack you in melee.
You have a pair of horns on your head.
You have hoof-like feet.
Your skin changes colour to match your surroundings (Stealth+).
Armour fits poorly on your strangely shaped body.
Your flesh is very heat resistant. (rF++)
You passively map a small area around you.
Your muscles are strong. (Str +2)


Message History

The splash of poison hits you! You resist. The nagaraja constricts you.
Unknown command.
You feel better. You block the nagaraja's attack.
* * * LOW HITPOINT WARNING * * *
The nagaraja constricts you.
A red film seems to cover your vision as you go berserk!
You feel yourself moving faster!
You feel mighty! The nagaraja casts a spell at you.
The bolt of poison hits you! You resist.
* * * LOW HITPOINT WARNING * * *
The nagaraja constricts you. You block the nagaraja's attack.
The nagaraja constricts you.
You hit the nagaraja but do no damage.
You headbutt the nagaraja, but do no damage.
The nagaraja is moderately wounded.
The nagaraja points at you and mumbles some strange words.
The poison arrow hits you!
You are poisoned.
You partially resist.
You die...

...###...###...###.......# ##..
.....#####......###......# #..
.....# ##.....<..#.......## #).
....####.........>[.....#.## ##..
.....##.........[.....####.###...
...................##.......##...
....##.#...........####........#.
...####.#...........###........#.
..###.##.......#@##..##......###.
#.##.....###.###N#...##.......##.
##.##.....######......##......##.
#.##.......# #........#......##.
##.##.......###........##.....##.
#....#.......##......#..#....##..
....##........###.####...#...)#..
...#####..######..# ##.######...
#..# #### #### #.# #.#.


You could see a nagaraja.

Vanquished Creatures
  Gastronok (Lair:3)
  Kirke (Snake:3)
  Donald (Snake:3)
  Roxanne (Snake:2)
  Agnes (Snake:3)
  4 nagarajas
  Louise (Snake:4)
  Aizul (Snake:2)
  2 very ugly things (Abyss:2)
  Azrael (Snake:2)
  A dire elephant (Lair:6)
  2 fire dragons
  The ghost of Fandomethor the Protected, a journeyman DDFi of Makhleb (Orc:2)
  17 naga warriors
  Josephine (D:12)
  2 vault guards (D:13)
  Fannar (D:12)
  3 catoblepae
  Erica (Orc:1)
  A queen ant (Lair:3)
  21 two-headed ogres
  A death knight (D:14)
  11 anacondas
  A centaur warrior (D:12)
  A deep troll shaman (Lair:6)
  10 death yaks
  4 ogre magi
  The ghost of Timinator the Arsonist, a novice DsFE of Gozag (D:9)
  2 thrashing horrors (Abyss:2)
  17 naga sharpshooters
  15 shock serpents
  A storm dragon zombie (Abyss:2)
  Sonja (Lair:1)
  A sixfirhy (Abyss:2)
  A fire crab (D:12)
  4 unseen horrors
  3 sea snakes (Snake:4)
  2 deep trolls (Orc:2)
  A lindwurm (Lair:6)
  2 wizards
  2 orc knights
  A naga ritualist (Snake:4)
  4 ugly things
  8 mana vipers
  3 harpies (D:15)
  A necromancer (D:13)
  2 orc sorcerers
  8 cyclopes
  5 salamanders
  Maurice (D:9)
  2 manticores
  11 elephants
  29 black mambas
  A centaur zombie (D:13)
  7 guardian serpents
  18 naga magi
  A torpor snail (Lair:3)
  A gargoyle (D:12)
  8 komodo dragons
  7 spiny frogs
  An efreet (D:15)
  2 rime drakes
  3 ancient zymes (Abyss:2)
  A yaktaur (D:13)
  4 polar bears
  14 trolls
  A hornet (D:9)
  14 slime creatures
  18 blink frogs
  6 dream sheep (Lair:6)
  8 hippogriffs
  3 flying skulls (Abyss:2)
  A centaur simulacrum (D:15)
  7 spriggans
  68 yaks
  6 wraiths
  3 small abominations (Abyss:2)
  2 wyverns
  A ynoxinul (Abyss:2)
  9 basilisks
  4 fire elementals (Snake:2)
  20 humans (D:13)
  A vampire (D:13)
  A hungry ghost (D:12)
  5 hogs
  6 wargs
  A large abomination (Abyss:2)
  5 swamp worms (Lair:4)
  57 nagas
  2 acid dragons
  A hell hound (Snake:2)
  15 water moccasins
  16 soldier ants
  8 porcupines
  19 orc warriors
  2 sky beasts
  3 black bears
  28 ogres
  3 ice beasts
  3 phantoms
  2 eyes of draining
  5 wolves (Lair:6)
  8 centaurs
  17 crocodiles
  Blork the orc (D:5)
  5 big kobolds
  12 bullfrogs
  A gnoll sergeant (D:6)
  A wyvern skeleton (D:12)
  8 scorpions
  A water moccasin skeleton (D:6)
  4 killer bees
  17 wights
  4 howler monkeys
  4 electric eels
  8 starcursed masses (Abyss:2)
  A bullfrog zombie (D:5)
  13 crimson imps
  3 jellies
  5 hounds
  12 orc priests
  A bullfrog skeleton (D:11)
  4 centaur skeletons
  Ijyb (D:4)
  Terence (D:3)
  8 iguanas
  19 orc wizards
  39 worker ants
  A killer bee zombie (D:8)
  A hound zombie (D:9)
  The ghost of letownia the Insei, a weakling OpTm (D:3)
  2 hound skeletons (D:7)
  2 worker ant zombies
  A howler monkey zombie (D:9)
  6 gnolls
  9 adders
  A howler monkey skeleton (D:4)
  2 shadow imps
  2 adder skeletons (D:4)
  4 worms
  A dart slug (D:3)
  10 leopard geckos
  65 orcs
  2 ball pythons
  6 giant cockroaches
  3 goblins
  8 hobgoblins
  14 jackals
  3 quokkas
  4 bats
  13 frilled lizards
  26 kobolds
  A leopard gecko skeleton (D:6)
  2 quokka skeletons
  A quokka zombie (D:6)
  2 rats
  2 bushes
  7 fungi
  3 plants (Lair:6)
  A withered plant (D:15)
1047 creatures vanquished.

Vanquished Creatures (others)
  Vashnia (Snake:3)
  A nagaraja (Snake:2)
  The ghost of Gelerth the Slicer, a journeyman DsCK of Xom (Lair:4)
  2 naga warriors (Snake:2)
  7 hydras
  4 naga sharpshooters
  A mana viper (Snake:2)
  A cyclops (D:14)
  A naga mage (Snake:2)
  A black mamba (Snake:2)
  2 nagas
  2 centaurs
  2 kobolds
  2 fungi
  7 plants
35 creatures vanquished.

Grand Total: 1082 creatures vanquished

Notes
Turn   | Place    | Note
-------+----------+-------------------------------------------
     0 | Abyss:1  | Gargoyl the Minotaur Abyssal Knight began the quest for the Orb.
     0 | Abyss:1  | Reached XP level 1. HP: 19/19 MP: 1/1
    68 | Abyss:1  | Noticed a small abomination
    69 | Abyss:1  | Noticed a starcursed mass
    91 | Abyss:2  | Noticed a large abomination
   125 | Abyss:2  | Noticed a wretched star
   127 | D:1      | Escaped the Abyss
  1026 | D:1      | Reached XP level 2. HP: 27/27 MP: 2/2
  1117 | D:1      | Reached * piety under Lugonu
  1559 | D:2      | Reached XP level 3. HP: 29/33 MP: 3/3
  2047 | D:3      | Reached XP level 4. HP: 40/41 MP: 4/4
  2055 | D:3      | Noticed Terence
  2071 | D:3      | Killed Terence
  2341 | D:3      | Noticed letownia's ghost (weakling OpTm)
  2354 | D:3      | Killed letownia's ghost
  2697 | D:3      | Reached XP level 5. HP: 45/47 MP: 5/5
  3033 | D:4      | Noticed an ogre
  3036 | D:4      | Noticed Ijyb
  3041 | D:4      | Killed an ogre
  3041 | D:4      | Reached skill level 5 in Fighting
  3072 | D:4      | Killed Ijyb
  3189 | D:4      | Reached XP level 6. HP: 54/56 MP: 7/7
  3231 | D:4      | Found a hazy altar of Hepliaklqana.
  3235 | D:4      | Found a glowing golden altar of the Shining One.
  3235 | D:4      | Found a white marble altar of Elyvilon.
  3236 | D:4      | Found a shadowy altar of Dithmenos.
  3359 | D:4      | Reached ** piety under Lugonu
  3359 | D:4      | Reached skill level 5 in Armour
  3881 | D:5      | Entered Level 5 of the Dungeon
  3927 | D:5      | Noticed Blork the orc
  3950 | D:5      | Killed Blork the orc
  4042 | D:5      | Found Jyidda's Antique Weapon Boutique.
  4125 | D:5      | Found an iron altar of Okawaru.
  4142 | D:5      | Reached XP level 7. HP: 57/61 MP: 8/8
  4149 | D:5      | Found a shadowy altar of Dithmenos.
  4274 | D:5      | Reached skill level 5 in Axes
  4425 | D:5      | Found a staircase to the Ecumenical Temple.
  4871 | D:6      | Reached XP level 8. HP: 53/70 MP: 10/10
  5064 | D:6      | Found Witafede's Armour Boutique.
  5875 | D:7      | Noticed a hippogriff
  5997 | D:7      | Reached skill level 1 in Shields
  6008 | D:7      | Reached *** piety under Lugonu
  6245 | D:7      | Gained mutation: Your mind is acute. (Int +2) [potion of mutation]
  6245 | D:7      | Gained mutation: You tend to lose your temper in combat. [potion of mutation]
  6245 | D:7      | Gained mutation: You are partially covered in icy blue scales. (AC +2) [potion of mutation]
  6246 | D:7      | Lost mutation: Your mind is acute. (Int +2) [potion of mutation]
  6246 | D:7      | Lost mutation: You tend to lose your temper in combat. [potion of mutation]
  6246 | D:7      | Lost mutation: You are partially covered in icy blue scales. (AC +2) [potion of mutation]
  6246 | D:7      | Gained mutation: You are resistant to hostile enchantments. (MR+) [potion of mutation]
  6246 | D:7      | Lost mutation: You are resistant to hostile enchantments. (MR+) [potion of mutation]
  6246 | D:7      | Gained mutation: You can translocate small distances at will. [potion of mutation]
  6247 | D:7      | Lost mutation: You can translocate small distances at will. [potion of mutation]
  6247 | D:7      | Gained mutation: You are robust. (+10% HP) [potion of mutation]
  6247 | D:7      | Gained mutation: You have large cloven feet. [potion of mutation]
  6368 | D:7      | Noticed a hippogriff
  6376 | D:7      | Killed a hippogriff
  6376 | D:7      | Reached XP level 9. HP: 85/85 MP: 11/11
  6689 | D:8      | Reached skill level 5 in Invocations
  7615 | D:8      | Noticed a troll
  7620 | D:8      | Killed a troll
  7620 | D:8      | Reached **** piety under Lugonu
  7620 | D:8      | Reached skill level 10 in Axes
  7620 | D:8      | Reached XP level 10. HP: 88/94 MP: 13/13
  8092 | D:9      | Found a staircase to the Lair.
  8094 | D:9      | Noticed Maurice
  8192 | D:9      | Killed Maurice
  8192 | D:9      | Reached skill level 10 in Armour
  8438 | D:9      | Reached skill level 5 in Shields
  8454 | D:9      | Noticed Timinator's ghost (novice DsFE)
  8471 | D:9      | Killed Timinator's ghost
  8828 | D:8      | Found a burning altar of Makhleb.
  8908 | D:9      | Found Pinkuett's Weapon Shop.
  9088 | D:9      | Reached ***** piety under Lugonu
  9353 | D:9      | Reached XP level 11. HP: 97/104 MP: 15/15
  9517 | Lair:1   | Entered Level 1 of the Lair of Beasts
  9730 | Lair:1   | Found an iron altar of Okawaru.
  9733 | Lair:1   | Noticed Sonja
  9750 | Lair:1   | Killed Sonja
 10652 | Lair:2   | Noticed an eight-headed hydra
 10664 | Lair:2   | Banished an eight-headed hydra
 10891 | D:6      | Bought the +0 pair of fencer's gloves {+Riposte Dex+3} for 560 gold pieces
 11404 | Lair:2   | Reached XP level 12. HP: 115/115 MP: 17/17
 11491 | Lair:2   | Noticed a five-headed hydra
 11497 | Lair:2   | Banished a six-headed hydra
 11763 | Lair:2   | Found a staircase to the Snake Pit.
 12195 | Lair:3   | Noticed a queen ant
 12234 | Lair:3   | Killed a queen ant
 12234 | Lair:3   | Reached XP level 13. HP: 94/123 MP: 19/19
 12608 | Lair:3   | Noticed Gastronok
 12629 | Lair:3   | Killed Gastronok
 12629 | Lair:3   | Reached skill level 10 in Fighting
 12790 | Lair:3   | Reached skill level 10 in Invocations
 13180 | Lair:4   | Reached skill level 10 in Shields
 13256 | Lair:4   | Found a staircase to the Swamp.
 13559 | Lair:4   | Noticed Gelerth's ghost (journeyman DsCK)
 13692 | Lair:4   | Banished Gelerth's ghost
 15798 | Lair:5   | Found a viscous altar of Jiyva.
 15799 | Lair:5   | Found a staircase to the Slime Pits.
 16046 | Lair:5   | Reached XP level 14. HP: 134/134 MP: 12/21
 16695 | Lair:6   | Entered Level 6 of the Lair of Beasts
 17281 | Lair:6   | Reached ****** piety under Lugonu
 18532 | D:10     | Entered Level 10 of the Dungeon
 19264 | D:11     | Found a shadowy altar of Dithmenos.
 19324 | D:11     | Found a staircase to the Orcish Mines.
 19859 | D:11     | Found Jemesm's Book Boutique.
 19889 | D:12     | Noticed Josephine
 19902 | D:12     | Killed Josephine
 20070 | D:12     | Reached skill level 15 in Armour
 20070 | D:12     | Reached XP level 15. HP: 145/145 MP: 23/23
 20227 | D:12     | Noticed Fannar
 20240 | D:12     | Killed Fannar
 20509 | D:12     | Gained mutation: Your spells are a little easier to cast, but a little less powerful. [mutagenic meat]
 20510 | D:12     | Gained mutation: You are agile. (Dex +2) [mutagenic meat]
 20511 | D:12     | Lost mutation: You are agile. (Dex +2) [mutagenic meat]
 20512 | D:12     | Lost mutation: You are robust. (+10% HP) [mutagenic meat]
 20513 | D:12     | Gained mutation: You are agile. (Dex +2) [mutagenic meat]
 20514 | D:12     | Gained mutation: Your muscles are strong. (Str +2) [mutagenic meat]
 20661 | D:12     | Got a shimmering morningstar
 20662 | D:12     | Identified the +8 morningstar "Ipireoco" {freeze, Int+2 Stlth+} (You found it on level 12 of the Dungeon)
 21083 | D:13     | Lost mutation: You have large cloven feet. [potion of mutation]
 21083 | D:13     | Lost mutation: Your muscles are strong. (Str +2) [potion of mutation]
 21083 | D:13     | Lost mutation: You are agile. (Dex +2) [potion of mutation]
 21083 | D:13     | Lost mutation: Your spells are a little easier to cast, but a little less powerful. [potion of mutation]
 21083 | D:13     | Gained mutation: You are frail. (-10% HP) [potion of mutation]
 21083 | D:13     | Gained mutation: You possess an exceptional clarity of mind. [potion of mutation]
 21410 | D:13     | Got a warped silver amulet
 21411 | D:13     | Identified the amulet "Suqoom" {Harm *Drain rF++ Str-3 Int+6 Slay+2} (You found it on level 13 of the Dungeon)
 21515 | D:13     | Found a gate to the Vaults.
 21519 | D:13     | Reached skill level 15 in Axes
 21976 | D:14     | Lost mutation: You possess an exceptional clarity of mind. [potion of mutation]
 21976 | D:14     | Lost mutation: You are frail. (-10% HP) [potion of mutation]
 21976 | D:14     | Gained mutation: Your system is resistant to poisons. (rPois) [potion of mutation]
 21976 | D:14     | Gained mutation: You passively map a small area around you. [potion of mutation]
 21976 | D:14     | Gained mutation: You tend to lose your temper in combat. [potion of mutation]
 21976 | D:14     | Gained mutation: You have sharp toenails. [potion of mutation]
 22938 | D:15     | Entered Level 15 of the Dungeon
 23106 | D:15     | Found a staircase to the Depths.
 23223 | D:15     | Lost mutation: You tend to lose your temper in combat. [mutagenic meat]
 23224 | D:15     | Gained mutation: You passively map the area around you. [mutagenic meat]
 23226 | D:15     | Gained mutation: Scrolls take you a little longer to read. [mutagenic meat]
 23278 | D:15     | Reached skill level 5 in Dodging
 23646 | D:15     | Found a gateway to a bazaar.
 23676 | Bazaar   | Entered a bazaar
 23676 | Bazaar   | Found Ezxiar's Armour Shoppe.
 23676 | Bazaar   | Found Poletem's Food Shop.
 23676 | Bazaar   | Found Tuyly's Armour Shoppe.
 23738 | Bazaar   | Found Qyticipp's Food Shop.
 23738 | Bazaar   | Found Muhegid's Antique Armour Emporium.
 23769 | Bazaar   | Bought a scorched chain mail for 199 gold pieces
 23785 | Bazaar   | Identified the cursed +0 chain mail of Mezcal {rElec rPois rF+++ Stlth-} (You bought it in a shop in a bazaar)
 24865 | Orc:1    | Entered Level 1 of the Orcish Mines
 25072 | Orc:1    | Noticed Erica
 25090 | Orc:1    | Killed Erica
 25090 | Orc:1    | Reached XP level 16. HP: 110/141 MP: 24/24
 25186 | Orc:2    | Entered Level 2 of the Orcish Mines
 25186 | Orc:2    | Noticed Fandomethor's ghost (journeyman DDFi)
 25202 | Orc:2    | Killed Fandomethor's ghost
 25617 | Orc:2    | Found a staircase to the Elven Halls.
 26960 | Orc:2    | Reached skill level 15 in Shields
 26963 | Orc:2    | Found Heig Mih's Food Emporium.
 26965 | Orc:2    | Found Lestro's Gadget Emporium.
 26994 | Orc:2    | Found Juticac's Antique Weapon Boutique.
 27003 | Orc:2    | Found Ceestrurgh's Jewellery Shoppe.
 27269 | Orc:2    | Bought the amulet of Noirch {Gourm rN+ Dex+4} for 694 gold pieces
 27276 | Orc:2    | Bought a runed broad axe for 231 gold pieces
 27513 | Snake:1  | Entered Level 1 of the Snake Pit
 29431 | Snake:2  | Noticed Aizul
 29441 | Snake:2  | Killed Aizul
 29453 | Snake:2  | Gained mutation: You occasionally shout uncontrollably at your foes. [mutagenic meat]
 29969 | Snake:2  | Noticed Azrael
 29984 | Snake:2  | Killed Azrael
 30119 | Snake:2  | Lost mutation: You have sharp toenails. [mutagenic meat]
 30489 | Snake:2  | Noticed Roxanne
 30797 | Snake:2  | Lost mutation: You occasionally shout uncontrollably at your foes. [potion of mutation]
 30797 | Snake:2  | Lost mutation: Your system is resistant to poisons. (rPois) [potion of mutation]
 30797 | Snake:2  | Lost mutation: You passively map the area around you. [potion of mutation]
 30797 | Snake:2  | Gained mutation: Your skin changes colour to match your surroundings (Stealth+). [potion of mutation]
 30797 | Snake:2  | Lost mutation: Scrolls take you a little longer to read. [potion of mutation]
 30797 | Snake:2  | Gained mutation: Your mind is acute. (Int +2) [potion of mutation]
 30797 | Snake:2  | Gained mutation: You have large cloven feet. [potion of mutation]
 30842 | Snake:2  | Killed Roxanne
 30843 | Snake:2  | Identified Roxanne's Grimoire of Clay (You took it off Roxanne on level 2 of the Snake Pit)
 32024 | Snake:2  | Reached XP level 17. HP: 105/150 MP: 26/26
 32575 | Snake:2  | Found Udiolid's Gadget Emporium.
 32575 | Snake:2  | Found Numypic's Jewellery Shop.
 32576 | Snake:2  | Found Askeohaj's Jewellery Shop.
 32581 | Snake:2  | Bought a +5 ring of dexterity for 700 gold pieces
 33339 | Snake:3  | Noticed Vashnia
 33965 | Snake:3  | Found Vego's Food Shoppe.
 33965 | Snake:3  | Found Fousicaseu's Assorted Antiques.
 33979 | Snake:3  | Bought a scroll of teleportation for 90 gold pieces
 33979 | Snake:3  | Bought a scroll of teleportation for 90 gold pieces
 34178 | Snake:3  | Killed Vashnia
 34644 | Snake:3  | Cast into level 2 of the Abyss (naga warrior)
 34959 | Snake:3  | Escaped the Abyss
 34965 | Snake:3  | Noticed Kirke
 34967 | Snake:3  | Noticed Agnes
 35717 | Snake:3  | Killed Kirke
 35888 | Snake:3  | Killed Agnes
 36307 | Snake:3  | Cast into level 2 of the Abyss (naga warrior)
 36388 | Abyss:2  | Lost mutation: Your mind is acute. (Int +2) [potion of mutation]
 36388 | Abyss:2  | Gained mutation: Your flesh is heat resistant. (rF+) [potion of mutation]
 36388 | Abyss:2  | Gained mutation: Your magical capacity is low. (-10% MP) [potion of mutation]
 36388 | Abyss:2  | Gained mutation: You have hoof-like feet. [potion of mutation]
 36500 | Abyss:2  | Noticed a tentacled monstrosity
 36523 | Snake:3  | Escaped the Abyss
 36665 | Snake:3  | Gained mutation: Your flesh is very heat resistant. (rF++) [mutagenic meat]
 36666 | Snake:3  | Lost mutation: Your magical capacity is low. (-10% MP) [mutagenic meat]
 36667 | Snake:3  | Gained mutation: Armour fits poorly on your strangely shaped body. [mutagenic meat]
 37737 | Snake:4  | Entered Level 4 of the Snake Pit
 38069 | Snake:4  | Noticed Donald
 38096 | Snake:3  | Killed Donald
 38604 | Snake:4  | Noticed Louise
 38608 | Snake:4  | Found Tunieh's Magic Scroll Boutique.
 38911 | Snake:3  | Identified a scroll of acquirement
 38912 | Snake:3  | Got an ancient cloak
 38934 | Snake:3  | Identified the +0 cloak of Hubu {rPois rC+} (You acquired it on level 3 of the Snake Pit)
 39013 | Snake:4  | Killed Louise
 39296 | Snake:4  | Found Pokhopn's Magic Scroll Shop.
 39297 | Snake:4  | Found Zutas's Magic Scroll Boutique.
 39771 | Snake:4  | Bought a scroll of teleportation for 54 gold pieces
 39771 | Snake:4  | Bought 3 scrolls of teleportation for 162 gold pieces
 39802 | Snake:4  | Reached XP level 18. HP: 154/161 MP: 28/28
 39802 | Snake:4  | Reached skill level 15 in Invocations
 41015 | Snake:4  | Gained mutation: Your muscles are strong. (Str +2) [mutagenic meat]
 41166 | Snake:3  | HP: 8/161 [nagaraja/halberd (13)]
 41170 | Snake:3  | Killed from afar by a nagaraja

Skill      XL: |  1  2  3  4  5  6  7  8  9 10 11 12 13 14 15 16 17 18 |
---------------+-------------------------------------------------------+-----
Invocations    | 2 3 4 6 7 9 11 12 13 14 15 | 15.1
Fighting       | 4 5 6 7 8 9 10 11 12 13 14 | 14.7
Armour         | 3 4 5 6 8 9 10 12 13 15 16 17 | 17.9
Axes           | 3 4 6 8 10 11 12 14 15 16 17 | 17.7
Shields        | 1 4 5 8 9 11 12 14 15 16 17 | 17.0
Dodging        | 3 4 5 6 |  6.6
Throwing       | 2 |  2.6
Evocations     | 2 |  2.0

Action                   |  1- 3 |  4- 6 |  7- 9 | 10-12 | 13-15 | 16-18 || total
-------------------------+-------+-------+-------+-------+-------+-------++-------
Melee: Hand axe          |   107 |    22 |       |   313 |  1667 |   198 ||  2307
       Headbutt          |    14 |    31 |    64 |    86 |   498 |   346 ||  1039
       War axe           |       |   149 |   319 |    85 |     7 |    15 ||   575
       Unarmed           |       |    28 |       |       |       |       ||    28
       Kick              |       |       |    40 |   123 |   124 |       ||   287
       Broad axe         |       |       |       |       |       |   898 ||   898
Throw: Javelin           |       |     2 |     1 |     4 |       |     2 ||     9
Invok: Depart the Abyss  |     1 |       |       |       |       |     2 ||     3
       Banish            |       |       |       |     5 |    14 |    26 ||    45
       Bend Space        |       |       |       |       |     1 |     2 ||     3
  Use: Scroll            |     6 |     7 |     9 |    11 |     8 |    15 ||    56
       Potion            |       |       |     3 |     6 |     6 |    14 ||    29
 Stab: Petrified         |       |       |       |       |     6 |       ||     6
  Eat: Bread ration      |     1 |       |       |     2 |     1 |     2 ||     6
       Chunk             |       |     6 |    12 |     8 |    51 |    59 ||   136
       Meat ration       |       |       |       |       |       |     1 ||     1
Armor: Leather armour    |     5 |       |       |       |       |       ||     5
       Plate armour      |    79 |   107 |   217 |   182 |   247 |       ||   832
       Skin              |       |       |       |     5 |       |       ||     5
       Chain mail        |       |       |       |       |   162 |   348 ||   510
Dodge: Dodged            |    51 |    59 |    66 |    62 |   226 |   263 ||   727
Block: Other             |     1 |    38 |    29 |       |       |       ||    68
       Reflection        |       |     1 |    15 |    14 |    41 |   185 ||   256
       Shield            |       |       |   139 |   301 |  1171 |       ||  1611
       Large shield      |       |       |       |       |    16 |  1322 ||  1338
       Rpst.: Hand axe   |       |       |       |     7 |    61 |     7 ||    75
       Broad axe         |       |       |       |       |       |    45 ||    45
